 Dungeon Crawl Stone Soup version 0.21.1-1-g345015fe64 (webtiles) character file.

42 Oravi the Insei (level 3, 0/26 HPs)
             Began as a Merfolk Transmuter on Apr 13, 2018.
             Succumbed to an adder's poison
             ... on level 2 of the Dungeon.
             The game lasted 00:03:14 (697 turns).

Oravi the Insei (Merfolk Transmuter)                 Turns: 697, Time: 00:03:14

Health: 0/26       AC:  2    Str:  8 (10) XL:     3   Next: 56%
Magic:  1/6        EV: 21    Int: 12 (13) God:
Gold:   23         SH:  0    Dex: 18 (19) Spells: 0/6 levels left

rFire    . . .     SeeInvis .     - Unarmed
rCold    . . .     Gourm    .   (shield currently unavailable)
rNeg     . . .     Faith    .   (armour currently unavailable)
rPois    x         Spirit   .   (helmet currently unavailable)
rElec    .         Reflect  .   (cloak currently unavailable)
rCorr    .         Harm     .   (gloves currently unavailable)
MR       .....                  (boots currently unavailable)
Stlth    ++........             (no amulet)
HPRegen  0.08/turn              (no ring)
MPRegen  0.10/turn              (no ring)

@: lethally poisoned (0 -> -3), spider-form
A: tiny, (change form in water), (swift swim), (stealthy swim)
a: End Transformation


You were on level 2 of the Dungeon.
You were not hungry.
You were a venomous arachnid creature.
You visited 1 branch of the dungeon, and saw 2 of its levels.

You collected 23 gold pieces.

Inventory:

Missiles
 a - 12 arrows
Armour
 b - a +0 robe (melded)
Scrolls
 e - a scroll of blinking {unknown}
 h - a scroll of teleportation {unknown}
Books
 c - a book of Changes

   Spells                             Type                      Level
   a - Beastly Appendage              Transmutation                1
   b - Sticks to Snakes               Transmutation                2
   c - Spider Form                    Transmutation/Poison         3
   d - Ice Form                       Ice/Transmutation            4
   e - Blade Hands                    Transmutation                5
Comestibles
 d - 3 rations
 f - 11 chunks of flesh


   Skills:
 + Level 1.1 Fighting
 + Level 2.9 Dodging
 + Level 4.2 Unarmed Combat
 - Level 2.0 Spellcasting
 * Level 3.8 Transmutations


You couldn't memorise any spells.
You knew the following spells:

 Your Spells              Type           Power        Failure   Level  Hunger
a - Beastly Appendage     Tmut           ##....       16%         1    ##.....
b - Sticks to Snakes      Tmut           ##......     22%         2    ###....
c - Spider Form           Tmut/Pois      #.........   58%         3    ####...


Dungeon Overview and Level Annotations

Branches:
Dungeon (2/15)

Altars:


Message History

You start resting.
You feel sick. x10
Your transformation is almost over.
Your magical contamination has completely faded away.
You start resting.
You feel sick.
A kobold comes into view. It is wielding a whip.
A kobold is nearby!
You feel sick.
You feel sick.
You feel less wooden.
Your +0 robe unmelds from your body.
The kobold closely misses you.
Casting: Spider Form
Confirm with . or Enter, or press ? or * to list all spells.
You turn into a venomous arachnid creature.
Your +0 robe melds into your body.
The kobold hits you with a whip.
* * * LOW HITPOINT WARNING * * *
You hit the kobold.
You kill the kobold!
There is a lethal amount of poison in your body!
You aren't carrying any potions.
You die...

.
##.########
.........†#
#....)s.#
#.......#
........<#
##..[....#
#.......#
#........
.?...###.#
#.#.# #.#
... #.#


There were no monsters in sight!

Vanquished Creatures
  An adder (D:2)
  A leopard gecko (D:2)
  2 giant cockroaches (D:1)
  A goblin (D:1)
  7 hobgoblins (D:1)
  4 jackals (D:1)
  6 kobolds
  6 bats (D:1)
  3 rats (D:1)
31 creatures vanquished.

Notes
Turn   | Place    | Note
-------+----------+-------------------------------------------
     0 | D:1      | Oravi the Merfolk Transmuter began the quest for the Orb.
     0 | D:1      | Reached XP level 1. HP: 15/15 MP: 3/3
   132 | D:1      | Reached XP level 2. HP: 20/21 MP: 3/5
   164 | D:1      | Reached skill level 4 in Unarmed Combat
   528 | D:1      | Reached XP level 3. HP: 26/26 MP: 4/6
   558 | D:1      | Learned a level 2 spell: Sticks to Snakes
   576 | D:1      | Learned a level 3 spell: Spider Form
   695 | D:2      | HP: 1/26 [kobold/whip (4)]
   697 | D:2      | Succumbed to an adder's poison

Skill      XL: |  1  2 |
---------------+-------+-----
Transmutations | 3 |  3.8
Unarmed Combat | 4 |  4.2
Fighting       | |  1.1
Dodging        | |  2.9
Spellcasting   | |  2.0

Action                   || total
-------------------------++-------
Melee: Unarmed           ||    96
       Headbutt          ||    12
       Punch             ||     2
 Cast: Beastly Appendage ||    14
       Spider Form       ||     2
  Use: Potion            ||     2
Armor: Robe              ||    16
Dodge: Dodged            ||    82
